 Dungeon Crawl Stone Soup version 0.23-a0-79-gaa8cc03 (webtiles) character file.

3833 DASBOOMER the Cleaver (level 9, -1/121 HPs)
             Began as a Minotaur Berserker on Aug 3, 2018.
             Was an Elder of Trog.
             Slain by Harold
             ... wielding a +1 halberd of protection
              (20 damage)
             ... on level 9 of the Dungeon on Aug 12, 2018.
             The game lasted 00:14:02 (6399 turns).

DASBOOMER the Cleaver (Minotaur Berserker)          Turns: 6399, Time: 00:14:03

Health: -1/121     AC: 10    Str: 30    XL:     9   Next: 98%
Magic:  8/8        EV: 11    Int:  4    God:    Trog [****..]
Gold:   359        SH:  0    Dex: 10    Spells: 8/8 levels left

rFire    . . .     SeeInvis .   F - +2 battleaxe (freeze) (curse)
rCold    . . .     Gourm    .   (shield currently unavailable)
rNeg     . . .     Faith    .   n - +0 scale mail
rPois    .         Spirit   .   (helmet restricted)
rElec    .         Reflect  .   d - +0 cloak
rCorr    .         Harm     .   (no gloves)
MR       .....                  u - +0 pair of boots
Stlth    ..........             (no amulet)
HPRegen  0.30/turn              (no ring)
MPRegen  0.11/turn              (no ring)

@: berserking, marked, starving, very quick
A: retaliatory headbutt, horns 2
a: Berserk, Trog's Hand, Brothers in Arms, Renounce Religion


You were on level 9 of the Dungeon.
You worshipped Trog.
Trog was greatly pleased with you.
You were starving.

You visited 1 branch of the dungeon, and saw 9 of its levels.

You collected 359 gold pieces.

Inventory:

Hand Weapons
 a - a +1 hand axe
 s - a +0 war axe
 A - a +3 battleaxe
 F - a cursed +2 battleaxe of freezing (weapon)
Armour
 b - a +0 animal skin
 d - a +0 cloak (worn)
 g - a +0 ring mail
 m - a +0 chain mail
 n - a +0 scale mail (worn)
 u - a +0 pair of boots (worn)
Jewellery
 D - an uncursed ring of resist corrosion {unknown}
 H - an uncursed ring of protection from cold {unknown}
Wands
 o - a wand of scattershot (9)
 q - a wand of paralysis (9)
 E - a wand of polymorph (5)
 G - a wand of random effects (13)
Scrolls
 e - 2 scrolls of identify
 h - a scroll of summoning {unknown}
 i - 4 scrolls of enchant armour {unknown}
 j - 2 scrolls of enchant weapon
 k - 2 scrolls of teleportation {unknown}
 r - a scroll of blinking {unknown}
 v - 2 scrolls of remove curse {unknown}
 y - a scroll of amnesia {unknown}
 z - a scroll of random uselessness {unknown}
 C - a scroll of fear {unknown}
Potions
 f - a potion of heal wounds
 l - 2 potions of curing
 p - 2 potions of resistance
 t - a potion of brilliance {unknown}
 w - a potion of cancellation {unknown}
 x - a potion of mutation {unknown}
 B - a potion of lignification {unknown}
Comestibles
 c - 10 rations


   Skills:
 + Level 8.2 Fighting
 * Level 13.6 Axes
 + Level 7.5 Armour
 - Level 2.2 Dodging


You had 8 spell levels left.
You didn't know any spells.
Your spell library was empty.

Dungeon Overview and Level Annotations

Branches:
Dungeon (10/15)            Temple (0/1) D:5
   Lair: D:8-11         Orc: D:9-12

Altars:
Cheibriados
Elyvilon
Hepliaklqana
Kikubaaqudgha
Nemelex Xobeh
Qazlal
Sif Muna
Vehumet
Xom
Zin

Shops:
D:5 =   D:6 [

Annotations:
D:9 Harold
D:10 2 transporters


Innate Abilities, Weirdness & Mutations

You reflexively headbutt those who attack you in melee.
You have a pair of horns on your head.


Message History

Harold is heavily wounded.
You slash the yak! You freeze the yak. You barely miss the yak.
You barely miss the hungry ghost.
Your scale mail prevents you from hitting the yak.
You slash the scorpion! You freeze the scorpion.
You kill the scorpion!
Trog accepts your kill. The yak closely misses you. You furiously retaliate!
You headbutt the yak! The yak gores you but does no damage.
The hungry ghost hits you.
* * * LOW HITPOINT WARNING * * *
You are starving!
Your scale mail prevents you from hitting the yak.
You headbutt the yak!!
The yak is severely wounded.
You slash the yak! You freeze the yak. You slash the yak! You freeze the yak.
You hit Harold but do no damage. You slash the yak! You freeze the yak.
You closely miss the hungry ghost.
A howler monkey comes into view.
Harold hits you with a halberd of protection!!
You die...

###############
.... ..........
#..#.............
...............
..............
#.#[......h..
#.@YY......
#..@Y....# .
#..YW..(.#...
#............
#.#..(.......
#.#..........
#.#..........
#.#..........
....P.###
#.#..........
P.P.P..#
#.#)).†...###


You could see Harold, 4 yaks, a hungry ghost and a howler monkey.

Vanquished Creatures
  A centaur zombie (D:10)
  Psyche (D:9)
  Sigmund (D:2)
  A yak (D:9)
  A hungry ghost (D:10)
  A water moccasin (D:2)
  Duvessa (D:4)
  A porcupine (D:9)
  An orc warrior (D:9)
  A hornet zombie (D:10)
  2 sky beasts
  A centaur (D:9)
  3 ogres
  A big kobold (D:9)
  3 bullfrogs
  Dowan (D:4)
  A scorpion (D:9)
  6 killer bees (D:7)
  10 wights
  A howler monkey (D:10)
  A crimson imp (D:5)
  A hound (D:4)
  A centaur skeleton (D:2)
  A bullfrog skeleton (D:6)
  4 iguanas
  2 orc wizards
  Ijyb (D:4)
  6 worker ants
  A hound skeleton (D:4)
  8 adders
  A shadow imp (D:5)
  3 oozes
  An adder zombie (D:5)
  2 adder skeletons (D:4)
  2 worms
  3 dart slugs
  5 leopard geckos
  17 orcs
  7 giant cockroaches
  7 goblins
  8 hobgoblins
  7 jackals
  7 kobolds
  4 quokkas
  A ball python (D:4)
  10 bats
  3 frilled lizards
  A jackal skeleton (D:4)
  7 rats
161 creatures vanquished.

Vanquished Creatures (others)
  7 fungi (D:9)
  6 plants (D:9)
13 creatures vanquished.

Grand Total: 174 creatures vanquished

Notes
Turn   | Place    | Note
-------+----------+-------------------------------------------
     0 | D:1      | DASBOOMER the Minotaur Berserker began the quest for the Orb.
     0 | D:1      | Reached XP level 1. HP: 19/19 MP: 0/0
   146 | D:1      | Upgraded the game from 0.23-a0-14-g8c9a20f to 0.23-a0-79-gaa8cc03
   218 | D:1      | Reached skill level 4 in Axes
   218 | D:1      | Reached XP level 2. HP: 27/27 MP: 1/1
   716 | D:1      | Reached XP level 3. HP: 32/33 MP: 2/2
   721 | D:1      | Reached ** piety under Trog
   964 | D:2      | Noticed Sigmund
   971 | D:2      | Killed Sigmund
   971 | D:2      | Reached skill level 5 in Fighting
   971 | D:2      | Reached skill level 6 in Axes
   971 | D:2      | Reached XP level 4. HP: 42/42 MP: 3/3
   971 | D:2      | Reached XP level 5. HP: 48/48 MP: 4/4
  1157 | D:2      | Noticed a water moccasin
  1166 | D:2      | Killed a water moccasin
  1166 | D:2      | Reached XP level 6. HP: 31/56 MP: 5/5
  1516 | D:2      | Reached skill level 7 in Axes
  1833 | D:3      | Found a stormy altar of Qazlal.
  1836 | D:3      | Found a snail-covered altar of Cheibriados.
  1844 | D:3      | Found a hazy altar of Hepliaklqana.
  1847 | D:3      | Found an ancient bone altar of Kikubaaqudgha.
  2187 | D:3      | Found a glowing silver altar of Zin.
  2330 | D:3      | Found a radiant altar of Vehumet.
  2622 | D:4      | Noticed Ijyb
  2627 | D:4      | Killed Ijyb
  2652 | D:4      | Reached XP level 7. HP: 63/63 MP: 6/6
  2857 | D:4      | Noticed Duvessa
  2859 | D:4      | Noticed Dowan
  2899 | D:4      | Killed Duvessa
  2899 | D:4      | Reached skill level 8 in Axes
  2901 | D:4      | Killed Dowan
  3191 | D:4      | Reached *** piety under Trog
  3277 | D:5      | Entered Level 5 of the Dungeon
  3285 | D:5      | Found a staircase to the Ecumenical Temple.
  3519 | D:5      | Found a shimmering altar of Xom.
  3771 | D:5      | Reached skill level 9 in Axes
  3890 | D:5      | Found Untaune's Jewellery Emporium.
  4324 | D:6      | Reached XP level 8. HP: 39/71 MP: 7/7
  4336 | D:6      | Reached skill level 5 in Armour
  4553 | D:6      | Found Geseg's Armour Shop.
  4570 | D:6      | Found a white marble altar of Elyvilon.
  4579 | D:6      | Reached skill level 10 in Axes
  5636 | D:7      | You fall through a shaft for 3 floors!
  5636 | D:10     | Entered Level 10 of the Dungeon
  5708 | D:10     | Reached skill level 11 in Axes
  5712 | D:10     | Reached XP level 9. HP: 69/79 MP: 8/8
  5714 | D:10     | Found a transporter.
  5787 | D:10     | Found a transporter.
  5798 | D:9      | Found a sparkling altar of Nemelex Xobeh.
  5798 | D:9      | Found a white marble altar of Elyvilon.
  5800 | D:9      | Found a deep blue altar of Sif Muna.
  5830 | D:9      | Noticed Psyche
  5834 | D:9      | Reached skill level 12 in Axes
  5837 | D:9      | Killed Psyche
  6333 | D:9      | Reached skill level 13 in Axes
  6364 | D:9      | Reached **** piety under Trog
  6387 | D:9      | Noticed Harold
  6399 | D:9      | Slain by Harold

Vault maps used:
D:1:      dpeg_arrival_leaves_temple_mockup, minmay_misc_feat_columns
D:2:      minmay_misc_feat_x, hex_intersection, uniq_sigmund
D:3:      zin_treasury, grunt_temple_overflow_cloverleaf, old_standard_altar
D:4:      first_ration, uniq_duvessa, uniq_ijyb
D:5:      kennysheep_little_box, temple_statues, serial_shops, shop
D:6:      serial_shops, shop, hangedman_abyss_or_decor_stabs, elyvilon_altar_1
D:7:      serial_bayou, serial_bayou_pond_e, serial_bayou_lagoon_b,
          serial_bayou_ford_a, serial_bayou_lagoon_a
D:9:      gammafunk_temple_overflow_forgotten, grunt_lair_entry_orc_guard_hut,
          uniq_harold, uniq_psyche
D:10:     gammafunk_cloud_chamber, minmay_misc_feat_nine_boxes,
          hangedman_pestilent_swarm

Skill      XL: |  1  2  3  4  5  6  7  8  9 |
---------------+----------------------------+-----
Axes           | 4 6 7 9 11 13 | 13.6
Fighting       | 4 5 6 7 8 |  8.2
Armour         | 3 4 6 7 |  7.5
Dodging        | |  2.2

Action                   |  1- 3 |  4- 6 |  7- 9 || total
-------------------------+-------+-------+-------++-------
Melee: Hand axe          |    63 |    73 |    50 ||   186
       Headbutt          |    13 |    26 |    45 ||    84
       War axe           |       |       |   191 ||   191
       Battleaxe         |       |       |    11 ||    11
Invok: Trog's Hand       |     1 |     2 |     3 ||     6
       Berserk           |     1 |       |     6 ||     7
  Use: Scroll            |       |       |     5 ||     5
 Stab: Sleeping          |     2 |       |       ||     2
  Eat: Ration            |       |     2 |     4 ||     6
       Chunk             |       |     3 |     3 ||     6
Armor: Animal skin       |    13 |       |       ||    13
       Ring mail         |     1 |    19 |       ||    20
       Scale mail        |       |    10 |   111 ||   121
Dodge: Dodged            |    42 |    44 |   126 ||   212

Table legend:
 A = Non-vault XP
 B = Vault XP
 C = Vault XP percentage of total XP
 D = Non-vault monster count
 E = Vault monster count
 F = Vault count percentage of total count
 G = Total turns spent on level
                 A         B        C        D         E       F
            +---------+---------+-------+---------+---------+-------
      Total |    4441 |    1035 |  18.9 |     155 |       6 |   3.7
            +---------+---------+-------+---------+---------+-------
        D:1 |      50 |       0 |   0.0 |      27 |       0 |   0.0
        D:2 |     328 |     212 |  39.3 |      16 |       1 |   5.9
        D:3 |      95 |       0 |   0.0 |      23 |       0 |   0.0
        D:4 |     157 |     262 |  62.5 |      18 |       3 |  14.3
        D:5 |     177 |       0 |   0.0 |       9 |       0 |   0.0
        D:6 |     563 |       0 |   0.0 |      16 |       0 |   0.0
        D:7 |     376 |       0 |   0.0 |       6 |       0 |   0.0
        D:9 |    1538 |     561 |  26.7 |      33 |       2 |   5.7
       D:10 |    1157 |       0 |   0.0 |       7 |       0 |   0.0
            +---------+---------+-------+---------+---------+-------
